 Dungeon Crawl Stone Soup version 0.28.0 (webtiles) character file.

Game seed: 14637707640391806245

32 croobank the Grasshopper (level 3, -1/16 HPs)
             Began as a Felid Warper on Feb 7, 2022.
             Slain by a hobgoblin (5 damage)
             ... on level 2 of the Dungeon.
             The game lasted 00:03:15 (1354 turns).

croobank the Grasshopper (Felid Warper)             Turns: 1354, Time: 00:03:16

Health: -1/16      AC:  1    Str:  9    XL:     3   Next: 10%
Magic:  7/7        EV: 18    Int: 14    God:
Gold:   26         SH:  0    Dex: 15    Spells: 1/6 levels left
                                        Lives:  0   Deaths: 0

rFire   . . .      SeeInvis +     - Unarmed
rCold   . . .      Faith    .   (shield unavailable)
rNeg    . . .      Spirit   .   (armour unavailable)
rPois   .          Reflect  .   (helmet unavailable)
rElec   .          Harm     .   (cloak unavailable)
rCorr   .          Rampage  .   (gloves unavailable)
Will    .....                   (boots unavailable)
Stlth   ++........              f - amulet of the acrobat
HPRegen 0.05/turn               (no ring)
MPRegen 0.10/turn               (no ring)

@: quick
A: very small, claws 1, fangs 3, see invisible, speed 1, shaggy fur 1, stealthy
paws, no weapons or thrown items, no armour, multi-lived
a: no special abilities


You were on level 2 of the Dungeon.
You visited 1 branch of the dungeon, and saw 2 of its levels.

You collected 26 gold pieces.

Inventory:

Missiles
 b - 27 sling bullets
Jewellery
 e - an amulet of faith
 f - an amulet of the acrobat (around neck)
Scrolls
 a - a scroll of blinking
 c - a scroll of amnesia {unknown}
 d - a scroll of fog {unknown}
 g - a scroll of holy word {unknown}


   Skills:
 + Level 2.0 Fighting
 + Level 3.9 Dodging
 + Level 0.6 Stealth
 + Level 2.3 Unarmed Combat
 + Level 2.1 Spellcasting
 + Level 5.0 Translocations


You had one spell level left.
You knew the following spells:

 Your Spells              Type           Power      Damage    Failure   Level
a - Blink                 Tloc           30%        N/A       4%          2
b - Gell's Gravitas       Tloc           15%        N/A       9%          3

Your spell library contained the following spells:

 Spells                   Type           Power      Damage    Failure   Level
 Lesser Beckoning         Tloc           15%        N/A       9%          3
 Teleport Other           Tloc           15%        N/A       9%          3
 Manifold Assault         Tloc           15%        N/A       63%         5


Dungeon Overview and Level Annotations

Branches:
Dungeon (2/15)

Altars:


Innate Abilities, Weirdness & Mutations

You have sharp claws.
You have razor-sharp teeth.
You have supernaturally acute eyesight. (SInv)
You cover ground quickly. (Speed+)
You are covered in fur. (AC +1)
Your paws help you pounce on unaware monsters.
You are incapable of wielding weapons or throwing items.
You cannot wear armour.
You gain extra lives every three experience levels.


Message History

The bat misses you.
You closely miss the bat. The bat closely misses you.
You scratch the bat but do no damage. The bat misses you.
You scratch the bat. You claw the bat.
You kill the bat!
Done exploring.
Done exploring.
(D) Dungeon
Where to? (? - help)
There is a stone staircase leading down here.
You climb downwards.
Found a short sword and a glowing orb.
Found a stone staircase leading down.
There is a stone staircase leading up here.
You see here an orb of wrath.
Found a ring mail.
Found 21 stones.
A bat comes into view.
A hobgoblin comes into view.
The hobgoblin shouts!
You hear an angry hiss.
The bat misses you.
You scratch the bat.
You kill the bat!
The hobgoblin hits you.
You see here a bat corpse.
You scratch the hobgoblin but do no damage.
An adder comes into view.
The hobgoblin hits you.
You barely miss the hobgoblin. Your bite misses the hobgoblin.
A quokka comes into view.
The hobgoblin barely misses you.
You closely miss the hobgoblin. The hobgoblin hits you.
* * * LOW HITPOINT WARNING * * *
You scratch the hobgoblin but do no damage.
The hobgoblin closely misses you.
You closely miss the hobgoblin. You barely miss the hobgoblin.
The hobgoblin closely misses you.
You scratch the hobgoblin.
The hobgoblin is almost dead.
The hobgoblin hits you.
You die...

## .# .#### .#..
###.### ..# ......
##.#
#.##.##..##########
#...........@gSr..#
#...#..########.# #
#.........(....
#.#......#####.##
#.....##.# #
##..#..##.# ..##..
#...#..
>....#####.####
..##...#...#


You could see an adder, a quokka and a hobgoblin.

Vanquished Creatures
  7 bats
  2 endoplasms (D:1)
  A giant cockroach (D:1)
  4 goblins (D:1)
  2 hobgoblins (D:1)
  3 kobolds (D:1)
  2 quokkas (D:1)
  2 ball pythons (D:1)
  2 frilled lizards (D:1)
  5 rats (D:1)
30 creatures vanquished.

Notes
Turn   | Place    | Note
-------+----------+-------------------------------------------
     0 | D:1      | croobank the Felid Warper began the quest for the Orb.
     0 | D:1      | Reached XP level 1. HP: 9/9 MP: 4/4
   227 | D:1      | Reached XP level 2. HP: 8/13 MP: 6/6
   230 | D:1      | Learned a level 2 spell: Blink
   686 | D:1      | Reached skill level 5 in Translocations
  1087 | D:1      | Reached XP level 3. HP: 14/16 MP: 7/7
  1091 | D:1      | Learned a level 3 spell: Gell's Gravitas
  1354 | D:2      | Slain by a hobgoblin

Illustrated notes

Levels and vault maps discovered:
D:1:      scummos_arrival_hexagon, layout_basic, minmay_bisected
D:2:      layout_loops_ring, shapermc_ecumenical_altar_petra,
          chequers_serial_rivers_small_b, grunt_decor_one_mirror

Skill      XL: |  1  2 |
---------------+-------+-----
Translocations | 5 |  5.0
Fighting       | |  2.0
Dodging        | |  3.9
Stealth        | |  0.6
Unarmed Combat | |  2.3
Spellcasting   | |  2.1

Action                   || total
-------------------------++-------
Melee: Unarmed           ||   106
       Bite              ||     7
       Punch             ||     1
 Stab: Sleeping          ||     3
Armor: Skin              ||     9
Dodge: Dodged            ||    89
